[Event "Reykjavik Open 2022"]
[Site "Reykjavik"]
[Date "2022.04.06"]
[Round "1.1"]
[White "Idani, Pouya"]
[Black "Chapman, Terry P D"]
[Result "1-0"]
[ECO "B12"]
[WhiteElo "2621"]
[BlackElo "2240"]
[Annotator "RC"]
[PlyCount "55"]
[EventDate "2022.04.06"]
[EventCountry "ISL"]
[SourceTitle "playchess.com"]
[Source "ChessBase"]
[SourceQuality "1"]
[TimeControl "40/5400+30:1800+30"]

1. e4 c6 2. d4 d5 3. e5 c5 4. Nf3 Nc6 5. dxc5 e6 6. Be3 Nge7 7. Bd3 Qc7 8. Nc3 a6 9. O-O Nxe5 10. Nxe5 Qxe5 11. Bd4 Qc7 12. Re1 Bd7 13. b4 f6 14. Qh5+ Kd8 15. Qf7 e5 16. Nxd5 Nxd5 17. Qxd5 Qc6 18. Qxc6 bxc6 19. Be3 a5 20. c3 g5 21. a4 Be7 22. b5 Rc8 23. Red1 Ke8 24. Be2 f5 25. Bh5+ Kd8 26. Rd2 f4 27. Rad1 Rc7 28. bxc6 1-0

[Event "Reykjavik Open 2022"]
[Site "Reykjavik"]
[Date "2022.04.06"]
[Round "1.2"]
[White "Mahitosh Dey"]
[Black "Gukesh D"]
[Result "0-1"]
[ECO "D02"]
[WhiteElo "2176"]
[BlackElo "2614"]
[Annotator "RC"]
[PlyCount "120"]
[EventDate "2022.04.06"]
[EventCountry "ISL"]
[SourceTitle "playchess.com"]
[Source "ChessBase"]
[SourceQuality "1"]
[TimeControl "40/5400+30:1800+30"]

1. d4 Nf6 2. Nf3 d5 3. c3 Bf5 4. Qb3 Qc8 5. Bf4 e6 6. Nbd2 c5 7. e3 Nc6 8. Nh4 Be4 9. f3 Bg6 10. Nxg6 hxg6 11. h3 Qd7 12. Be2 Bd6 13. Bxd6 Qxd6 14. f4 c4 15. Qc2 g5 16. O-O gxf4 17. e4 Nxe4 18. Nxe4 dxe4 19. Qxe4 g5 20. Bxc4 O-O-O 21. a4 Rh6 22. Rad1 f5 23. Qe2 Kc7 24. Bb5 Ne7 25. Qe5 Qxe5 26. dxe5 Nd5 27. Rf2 a6 28. Bc4 Nb6 29. Rxd8 Kxd8 30. Bb3 Nd7 31. Rd2 Ke7 32. Rd6 Nxe5 33. Rb6 Nd7 34. Rxb7 e5 35. a5 Kd8 36. Ra7 Rd6 37. Bc4 Nc5 38. Kf1 Rd2 39. b4 Ne4 40. Rxa6 Rd1+ 41. Ke2 Nxc3+ 42. Kf2 Rc1 43. Ra8+ Kc7 44. Ba6 e4 45. Rf8 e3+ 46. Kf3 Rc2 47. Rxf5 Rf2+ 48. Kg4 Rxg2+ 49. Kh5 e2 50. Rf7+ Kd6 51. Bxe2 Nxe2 52. a6 Nd4 53. a7 Ra2 54. h4 Ke6 55. Kg6 Nf3 56. Rf6+ Kd5 57. Rf5+ Ne5+ 58. Kxg5 f3 59. Kf4 Kd4 60. Rf8 Ng6+ 0-1

[Event "Reykjavik Open 2022"]
[Site "Reykjavik"]
[Date "2022.04.06"]
[Round "1.3"]
[White "Niemann, Hans Moke"]
[Black "Johansson, Carl Fredrik"]
[Result "1-0"]
[ECO "B51"]
[WhiteElo "2642"]
[BlackElo "2216"]
[Annotator "RC"]
[PlyCount "95"]
[EventDate "2022.04.06"]
[EventCountry "ISL"]
[SourceTitle "playchess.com"]
[Source "ChessBase"]
[SourceQuality "1"]
[TimeControl "40/5400+30:1800+30"]

1. e4 c5 2. Nf3 d6 3. Bb5+ Nd7 4. O-O a6 5. Bd3 Ngf6 6. Re1 e5 7. c3 Be7 8. a4 Nf8 9. Bf1 Ng6 10. d4 Bg4 11. dxc5 dxc5 12. Qxd8+ Rxd8 13. Nbd2 O-O 14. h3 Bd7 15. Nc4 Bc6 16. Bg5 h6 17. Bxf6 Bxf6 18. Na5 Ne7 19. b4 cxb4 20. cxb4 b5 21. Rac1 Rc8 22. Rc5 Be8 23. axb5 Rxc5 24. bxc5 Bxb5 25. Bxb5 axb5 26. Rb1 Rb8 27. Kf1 b4 28. Ke2 Ra8 29. Ra1 Nc6 30. Nb3 Ra3 31. Rxa3 bxa3 32. Ne1 a2 33. Nc2 Bd8 34. Kd3 Kf8 35. Kc4 Ke8 36. Nc1 Nd4 37. Na1 Kd7 38. Nxa2 Ba5 39. Nb3 Nxb3 40. Kxb3 g6 41. Nb4 h5 42. Kc4 f5 43. f3 h4 44. Nd3 Ke6 45. Kb5 Bd8 46. Kc6 f4 47. Kb7 g5 48. Nb2 1-0

[Event "Reykjavik Open 2022"]
[Site "Reykjavik"]
[Date "2022.04.06"]
[Round "1.4"]
[White "Villiers, Thomas"]
[Black "Adhiban, B.."]
[Result "0-1"]
[ECO "D02"]
[WhiteElo "2202"]
[BlackElo "2648"]
[Annotator "RC"]
[PlyCount "130"]
[EventDate "2022.04.06"]
[EventCountry "ISL"]
[SourceTitle "playchess.com"]
[Source "ChessBase"]
[SourceQuality "1"]
[TimeControl "40/5400+30:1800+30"]

1. d4 e6 2. Nf3 c5 3. c3 d5 4. Bf4 Bd6 5. Bg3 Nf6 6. e3 Qc7 7. Nbd2 Nbd7 8. Bd3 O-O 9. Qe2 e5 10. dxe5 Nxe5 11. Nxe5 Bxe5 12. Nf3 Bd6 13. Bxd6 Qxd6 14. h3 Re8 15. O-O Be6 16. Rfd1 Rad8 17. Qc2 g6 18. Rd2 Qd7 19. Ng5 Qc7 20. Nxe6 fxe6 21. Rad1 Kg7 22. c4 d4 23. exd4 Rxd4 24. Be2 e5 25. Rxd4 cxd4 26. b4 Re7 27. Rd2 Qb6 28. Qb1 e4 29. c5 Qd8 30. Qb2 d3 31. Bf1 Rd7 32. b5 Qc7 33. Qc3 Rd5 34. c6 Rxb5 35. f3 Qb6+ 36. Kh2 Qc7+ 37. Kg1 Qb6+ 38. Kh2 Rc5 39. Qd4 Qc7+ 40. Kg1 Rc2 41. Rd1 exf3 42. Rxd3 fxg2 43. Bxg2 Rc1+ 44. Kf2 bxc6 45. Rf3 Rc2+ 46. Kf1 Rc1+ 47. Kf2 Qb6 48. Qxb6 axb6 49. Rb3 Nd7 50. a4 Kf6 51. Ra3 Rc2+ 52. Kg3 Rc5 53. Rb3 Rc4 54. Ra3 h5 55. a5 h4+ 56. Kf2 bxa5 57. Rxa5 Ne5 58. Ra8 Rc2+ 59. Kg1 Rc3 60. Rf8+ Kg5 61. Kh2 c5 62. Rf2 c4 63. Bf1 Re3 64. Rg2+ Kf4 65. Kg1 Rg3 0-1

[Event "Reykjavik Open 2022"]
[Site "Reykjavik"]
[Date "2022.04.06"]
[Round "1.5"]
[White "Sadhwani, Raunak"]
[Black "Povah, Nigel E"]
[Result "1-0"]
[ECO "B31"]
[WhiteElo "2616"]
[BlackElo "2245"]
[Annotator "TA"]
[PlyCount "209"]
[EventDate "2022.04.06"]
[EventCountry "ISL"]
[SourceTitle "playchess.com"]
[Source "ChessBase"]
[SourceQuality "1"]
[TimeControl "40/5400+30:1800+30"]

1. e4 c5 2. Nf3 Nc6 3. Bb5 Nf6 4. Nc3 g6 5. O-O Bg7 6. e5 Ng4 7. Bxc6 dxc6 8. Re1 O-O 9. d3 Nh6 10. Ne4 b6 11. Bf4 Bg4 12. h3 Bxf3 13. Qxf3 Nf5 14. c3 f6 15. Nd2 Qd5 16. Qxd5+ cxd5 17. g4 Nh6 18. e6 g5 19. Bg3 f5 20. f3 Bf6 21. Bf2 Rac8 22. Nf1 Kg7 23. Ng3 Kg6 24. Kg2 Bh8 25. Re2 f4 26. Nf1 Ng8 27. h4 h6 28. Nd2 Rfd8 29. a4 a5 30. Rae1 Rc6 31. Nb1 Rdd6 32. Na3 Kf6 33. Re5 Kg6 34. Rf5 Bf6 35. Nb5 Rxe6 36. h5+ Kf7 37. Rxd5 Rxe1 38. Bxe1 Ke8 39. Bf2 e6 40. Rd6 Rxd6 41. Nxd6+ Kd7 42. Nc4 Kc6 43. Kf1 Bd8 44. Ke2 Kd5 45. Nd2 Nf6 46. Kd1 e5 47. Kc2 Bc7 48. Be1 Bd8 49. Kb3 Bc7 50. Nb1 e4 51. dxe4+ Nxe4 52. c4+ Kd4 53. Kc2 Nd6 54. Bf2+ Ke5 55. Kd3 Bd8 56. Be1 Ke6 57. Bc3 Nf7 58. Na3 Bf6 59. Bxf6 Kxf6 60. Ke4 Ke6 61. Nb5 Ne5 62. Nc7+ Kd6 63. Ne8+ Ke6 64. b3 Nf7 65. Nc7+ Kd6 66. Nd5 Ke6 67. Nxb6 Nd6+ 68. Kd3 Nb7 69. Nd5 Nd6 70. Nc7+ Ke5 71. Na6 Nb7 72. Nb8 Kd6 73. Ke4 Ke6 74. Na6 Nd6+ 75. Kd3 Nb7 76. Nc7+ Kd7 77. Nb5 Ke6 78. Ke4 Nd8 79. Nc7+ Kd7 80. Nd5 Ke6 81. Nc7+ Kd7 82. Kf5 Kxc7 83. Kg6 Kd6 84. Kxh6 Nf7+ 85. Kg7 Ke6 86. h6 Ke7 87. Kg6 Ke6 88. h7 Nh8+ 89. Kxg5 Ke5 90. Kh6 Kf6 91. g5+ $2 (91. Kh5 $11) 91... Kf5 $2 ({Black should try} 91... Kf7 $19 92. Kh5 Kg7) 92. Kg7 $11 Ng6 93. Kh6 Nh8 94. b4 axb4 95. a5 b3 96. a6 b2 97. a7 b1=Q (97... Nf7+ $2 98. Kg7 (98. Kh5 $2 {is a self mate.} b1=Q 99. a8=Q Qh1#) 98... b1=Q 99. a8=Q $18) 98. a8=Q Qb6+ (98... Nf7+ 99. Kg7 Kxg5 100. Qd5+ Kh4 101. Qxf7 Kg3 102. h8=Q Qb2+ 103. Qf6) 99. Kg7 Qc7+ $2 (99... Qb2+ $11 100. Kg8 Kxg5 101. Qd8+ (101. Qf8 $2 Ng6 $19) 101... Kh5) 100. Kxh8 Qe5+ 101. Kg8 Qe6+ 102. Kf8 Qd6+ 103. Ke8 Qg6+ 104. Kd8 Qxg5+ 105. Kc8 1-0

[Event "Reykjavik Open 2022"]
[Site "Reykjavik"]
[Date "2022.04.06"]
[Round "1.6"]
[White "Cherniack, Alex"]
[Black "Praggnanandhaa R"]
[Result "0-1"]
[ECO "B68"]
[WhiteElo "2213"]
[BlackElo "2612"]
[Annotator "RC"]
[PlyCount "82"]
[EventDate "2022.04.06"]
[EventCountry "ISL"]
[SourceTitle "playchess.com"]
[Source "ChessBase"]
[SourceQuality "1"]
[TimeControl "40/5400+30:1800+30"]

1. e4 c5 2. Nf3 Nc6 3. d4 cxd4 4. Nxd4 Nf6 5. Nc3 d6 6. Bg5 e6 7. Qd2 a6 8. O-O-O Be7 9. f4 Bd7 10. Nb3 b5 11. Bxf6 gxf6 12. Qe3 Qc7 13. Kb1 b4 14. Ne2 a5 15. Nbd4 Nxd4 16. Nxd4 Qc5 17. Qd3 a4 18. Be2 O-O 19. Rc1 Rfb8 20. Rhf1 Kh8 21. Rf3 Rg8 22. Bf1 Rac8 23. Qd2 Bd8 24. Rd3 Bb6 25. Ne2 a3 26. b3 Bb5 27. c4 bxc3 28. Rdxc3 Qb4 29. Ng3 Ba5 30. Bxb5 Rxc3 31. Rxc3 Qxc3 32. Qxc3 Bxc3 33. Bf1 Bd2 34. Kc2 Bxf4 35. Ne2 Rc8+ 36. Kd3 Be5 37. b4 Kg7 38. Nd4 Rc1 39. Be2 Ra1 40. Nc2 Rxa2 41. b5 Rxc2 0-1

[Event "Reykjavik Open 2022"]
[Site "Reykjavik"]
[Date "2022.04.06"]
[Round "1.7"]
[White "Gupta, Abhijeet"]
[Black "Roe, Simon J"]
[Result "1-0"]
[ECO "D25"]
[WhiteElo "2628"]
[BlackElo "2211"]
[Annotator "ChessBase"]
[PlyCount "107"]
[EventDate "2022.04.06"]
[EventCountry "ISL"]
[SourceTitle "playchess.com"]
[Source "ChessBase"]
[SourceQuality "1"]
[TimeControl "40/5400+30:1800+30"]

1. d4 d5 2. c4 dxc4 3. Nf3 Nf6 4. e3 Bg4 5. Bxc4 e6 6. h3 Bh5 7. Nc3 Nc6 8. Bb5 Bb4 9. Qa4 Bxc3+ 10. bxc3 Bxf3 11. gxf3 O-O 12. Bxc6 bxc6 13. Qxc6 Rb8 14. e4 Nh5 15. Rg1 Rb6 16. Qc5 f5 17. a4 Qd7 18. Qe5 Qc6 19. d5 exd5 20. Qxd5+ Qxd5 21. exd5 Re8+ 22. Kf1 Rb3 23. Bd2 Rd8 24. c4 Rb2 25. Be3 Rb4 26. Rc1 Rxa4 27. Kg2 Nf6 28. Rgd1 Kf7 29. Rd3 h6 30. Rb3 Rd7 31. Rb7 a6 32. Rc2 Ke8 33. Bc1 Kf7 34. Bb2 Ra2 35. Rc1 Re7 36. Ra1 Rxa1 37. Bxa1 Ne8 38. c5 Rd7 39. d6 Ke6 40. Rb8 Nf6 41. dxc7 Rxc7 42. Rb6+ Kd5 43. Bxf6 gxf6 44. Rxa6 Ke5 45. Ra5 Rc6 46. Kg3 f4+ 47. Kg4 f5+ 48. Kh5 Kd4 49. h4 Kd3 50. Ra4 Ke2 51. Rxf4 Rxc5 52. Kxh6 Kxf2 53. Kg5 Kg3 54. Rxf5 1-0

[Event "Reykjavik Open 2022"]
[Site "Reykjavik"]
[Date "2022.04.06"]
[Round "1.8"]
[White "Jaksland, Tim"]
[Black "Warmerdam, Max"]
[Result "0-1"]
[ECO "B22"]
[WhiteElo "2201"]
[BlackElo "2607"]
[Annotator "RC"]
[PlyCount "95"]
[EventDate "2022.04.06"]
[EventCountry "ISL"]
[SourceTitle "playchess.com"]
[Source "ChessBase"]
[SourceQuality "1"]
[TimeControl "40/5400+30:1800+30"]

1. e4 c5 2. c3 d5 3. exd5 Nf6 4. d4 Nxd5 5. Nf3 cxd4 6. Nxd4 e5 7. Bb5+ Bd7 8. Qe2 Qe7 9. Bxd7+ Nxd7 10. Nb5 a6 11. c4 Rc8 12. O-O Nf4 13. Bxf4 axb5 14. Be3 bxc4 15. Rc1 Qe6 16. b3 Bb4 17. a3 Ba5 18. Rxc4 Rxc4 19. Qxc4 Qxc4 20. bxc4 Ke7 21. Nd2 Rc8 22. Rb1 b6 23. Rc1 f5 24. g3 Bxd2 25. Bxd2 Ke6 26. Kf1 e4 27. Be3 Kd6 28. Ke2 Ra8 29. Rc3 Kc6 30. Bd4 g6 31. Ke3 Nc5 32. h4 Rd8 33. Bf6 Rd1 34. Ke2 Rb1 35. Bd4 Na4 36. Re3 Rc1 37. Bf6 Rxc4 38. Rb3 Rc2+ 39. Ke3 Nc5 40. Rb2 Rc4 41. Rb4 Rc2 42. Rb2 Rc1 43. Rb4 Rd1 44. Rd4 Re1+ 45. Kd2 Ra1 46. Rb4 Rc1 47. Rb2 Ra1 48. Rxb6+ 0-1

[Event "Reykjavik Open 2022"]
[Site "Reykjavik"]
[Date "2022.04.06"]
[Round "1.9"]
[White "Andersen, Mads"]
[Black "Lohia, Sohum"]
[Result "1/2-1/2"]
[ECO "C54"]
[WhiteElo "2570"]
[BlackElo "2251"]
[Annotator "ChessBase"]
[PlyCount "71"]
[EventDate "2022.04.06"]
[EventCountry "ISL"]
[SourceTitle "playchess.com"]
[Source "ChessBase"]
[SourceQuality "1"]
[TimeControl "40/5400+30:1800+30"]

1. e4 e5 2. Nf3 Nc6 3. Bc4 Nf6 4. d3 Bc5 5. c3 a5 6. O-O d6 7. Re1 O-O 8. h3 h6 9. d4 Bb6 10. Bb3 Re8 11. Bc2 exd4 12. cxd4 Nb4 13. Nc3 Nxc2 14. Qxc2 c6 15. Re2 Be6 16. Be3 Qc7 17. Nd2 d5 18. e5 Nd7 19. f4 f5 20. Nf3 Nf8 21. Kh2 Qd7 22. Rg1 Rac8 23. Na4 Ba7 24. g3 b6 25. Rc1 Bf7 26. Rg2 c5 27. Nc3 b5 28. Qf2 Ne6 29. Rd1 b4 30. Ne2 Bh5 31. g4 fxg4 32. hxg4 cxd4 33. Nfxd4 Bxd4 34. gxh5 Bxe3 35. Qxe3 Qf7 36. Qf3 1/2-1/2

[Event "Reykjavik Open 2022"]
[Site "Reykjavik"]
[Date "2022.04.06"]
[Round "1.10"]
[White "Player, Edmund C"]
[Black "Fier, Alexandr"]
[Result "0-1"]
[ECO "B56"]
[WhiteElo "2196"]
[BlackElo "2583"]
[Annotator "RC"]
[PlyCount "46"]
[EventDate "2022.04.06"]
[EventCountry "ISL"]
[SourceTitle "playchess.com"]
[Source "ChessBase"]
[SourceQuality "1"]
[TimeControl "40/5400+30:1800+30"]

1. e4 c5 2. Nf3 d6 3. d4 cxd4 4. Nxd4 Nf6 5. Nc3 Nc6 6. f3 e5 7. Nb3 Be7 8. Be3 Be6 9. Qd2 O-O 10. O-O-O a5 11. Qf2 Qb8 12. a3 Rc8 13. Kb1 a4 14. Nc1 b5 15. Nd5 b4 16. Nxe7+ Nxe7 17. axb4 Qxb4 18. Qd2 Qb7 19. Qxd6 a3 20. b3 Nc6 21. Be2 Nb4 22. Rd2 a2+ 23. Nxa2 Nxa2 0-1

[Event "Reykjavik Open 2022"]
[Site "Reykjavik"]
[Date "2022.04.06"]
[Round "1.11"]
[White "Steingrimsson, Hedinn"]
[Black "Solnicki, Michal"]
[Result "1-0"]
[ECO "B38"]
[WhiteElo "2535"]
[BlackElo "2182"]
[Annotator "RC"]
[PlyCount "75"]
[EventDate "2022.04.06"]
[EventCountry "ISL"]
[SourceTitle "playchess.com"]
[Source "ChessBase"]
[SourceQuality "1"]
[TimeControl "40/5400+30:1800+30"]

1. c4 c5 2. Nf3 Nc6 3. d4 cxd4 4. Nxd4 g6 5. e4 Bg7 6. Be3 Nf6 7. Nc3 O-O 8. Be2 e6 9. Nxc6 dxc6 10. e5 Nd7 11. f4 f6 12. exf6 Qxf6 13. O-O e5 14. Kh1 Qe7 15. Qd2 e4 16. g4 Nf6 17. Rg1 Bd7 18. Rad1 Rf7 19. Qd6 Qe8 20. Bd4 Be6 21. f5 Bc8 22. g5 Bf8 23. Qg3 Nd7 24. fxg6 hxg6 25. Qh4 Rh7 26. Qxe4 Re7 27. Qh4 Rh7 28. Qg3 Nc5 29. Rge1 Rh3 30. Qg2 Qf7 31. Rf1 Bf5 32. Rxf5 Qxf5 33. Bg4 Rxh2+ 34. Qxh2 Qxg4 35. Qh8+ Kf7 36. Qf6+ Ke8 37. Re1+ Kd7 38. Qf7+ 1-0

[Event "Reykjavik Open 2022"]
[Site "Reykjavik"]
[Date "2022.04.06"]
[Round "1.12"]
[White "Cornette, Matthieu"]
[Black "Popvasilev, Kaloyan"]
[Result "1-0"]
[ECO "B66"]
[WhiteElo "2571"]
[BlackElo "2191"]
[Annotator "RC"]
[PlyCount "59"]
[EventDate "2022.04.06"]
[EventCountry "ISL"]
[SourceTitle "playchess.com"]
[Source "ChessBase"]
[SourceQuality "1"]
[TimeControl "40/5400+30:1800+30"]

1. e4 c5 2. Nf3 d6 3. d4 Nf6 4. Nc3 cxd4 5. Nxd4 Nc6 6. Bg5 e6 7. Qd3 a6 8. Nxc6 bxc6 9. O-O-O h6 10. Bf4 d5 11. Be2 Be7 12. Qg3 Kf8 13. h4 a5 14. Bc7 Qd7 15. exd5 exd5 16. Rhe1 a4 17. Bf3 a3 18. b3 Ne8 19. Be5 Qf5 20. Rd4 Qh7 21. Bxd5 cxd5 22. Nxd5 Be6 23. Nxe7 Kxe7 24. Bd6+ Kd7 25. Qf3 Nxd6 26. Qb7+ Ke8 27. Qc6+ Ke7 28. Qxd6+ Kf6 29. Rf4+ Kg6 30. Rxe6+ 1-0

[Event "Reykjavik Open 2022"]
[Site "Reykjavik"]
[Date "2022.04.06"]
[Round "1.13"]
[White "Ptacnikova, Lenka"]
[Black "Gretarsson, Hjorvar Steinn"]
[Result "0-1"]
[ECO "A20"]
[WhiteElo "2173"]
[BlackElo "2548"]
[Annotator "RC"]
[PlyCount "70"]
[EventDate "2022.04.06"]
[EventCountry "ISL"]
[SourceTitle "playchess.com"]
[Source "ChessBase"]
[SourceQuality "1"]
[TimeControl "40/5400+30:1800+30"]

1. c4 f5 2. g3 Nf6 3. Bg2 e5 4. d4 e4 5. Nh3 c6 6. O-O Be7 7. Nc3 O-O 8. f3 d5 9. cxd5 cxd5 10. Bg5 Be6 11. Rc1 Nc6 12. Na4 h6 13. Bxf6 Bxf6 14. e3 Qe7 15. Nc5 exf3 16. Qxf3 Bf7 17. Kh1 g6 18. g4 b6 19. Nd3 Rac8 20. gxf5 g5 21. Qg3 Kh7 22. Rc3 Na5 23. Rfc1 Rxc3 24. Rxc3 Nc4 25. b3 Nxe3 26. Ne5 Nxf5 27. Qd3 Bg6 28. Nxg6 Kxg6 29. Rc1 Qe3 30. Qb1 Bxd4 31. Rf1 Qe5 32. Bf3 Kg7 33. Rd1 Ne3 34. Bh5 Rf6 35. Rc1 Bc5 0-1

[Event "Reykjavik Open 2022"]
[Site "Reykjavik"]
[Date "2022.04.06"]
[Round "1.14"]
[White "Louis, Thibault"]
[Black "Yoo, Christopher Woojin"]
[Result "0-1"]
[ECO "B12"]
[WhiteElo "2181"]
[BlackElo "2514"]
[Annotator "RC"]
[PlyCount "46"]
[EventDate "2022.04.06"]
[EventCountry "ISL"]
[SourceTitle "playchess.com"]
[Source "ChessBase"]
[SourceQuality "1"]
[TimeControl "40/5400+30:1800+30"]

1. e4 c6 2. d4 d5 3. e5 Bf5 4. c4 e6 5. Nc3 dxc4 6. Bxc4 Ne7 7. h3 Bg6 8. Nf3 Nd7 9. Bg5 h6 10. Bh4 Qb6 11. Bxe7 Bxe7 12. O-O Qxb2 13. Ne2 Qc2 14. Rc1 Qxd1 15. Rfxd1 Ba3 16. Rc3 Bb4 17. Rb3 Bc2 18. Rxb4 Bxd1 19. Rxb7 Ke7 20. Nc3 Bxf3 21. gxf3 Rhb8 22. Rc7 Kd8 23. Rxc6 Rc8 0-1

[Event "Reykjavik Open 2022"]
[Site "Reykjavik"]
[Date "2022.04.06"]
[Round "1.15"]
[White "Maze, Sebastien"]
[Black "Coursaget, Nicolas"]
[Result "1-0"]
[ECO "B05"]
[WhiteElo "2527"]
[BlackElo "2185"]
[Annotator "RC"]
[PlyCount "83"]
[EventDate "2022.04.06"]
[EventCountry "ISL"]
[SourceTitle "playchess.com"]
[Source "ChessBase"]
[SourceQuality "1"]
[TimeControl "40/5400+30:1800+30"]

1. e4 Nf6 2. e5 Nd5 3. d4 d6 4. Nf3 Bg4 5. Be2 e6 6. h3 Bf5 7. O-O Be7 8. a3 a5 9. c4 Nb6 10. exd6 cxd6 11. Nc3 N8d7 12. a4 O-O 13. Nb5 h6 14. b3 Nc8 15. Bf4 Nf6 16. Be3 Ne4 17. Rc1 Bh7 18. d5 e5 19. Bd3 Nc5 20. Bxh7+ Kxh7 21. Bxc5 dxc5 22. Nxe5 f5 23. Qh5 Ra6 24. f4 g6 25. Qf3 Raf6 26. Rce1 Bd6 27. Re2 Bb8 28. Rfe1 g5 29. Nd3 g4 30. hxg4 fxg4 31. Qe4+ Kg7 32. g3 b6 33. Rh2 Nd6 34. Qe7+ Qxe7 35. Rxe7+ Kg8 36. Nxd6 Bxd6 37. Re4 Kg7 38. Rh4 Kg6 39. Rxg4+ Kf5 40. Nf2 h5 41. Re5+ Bxe5 42. Rg5# 1-0

[Event "Reykjavik Open 2022"]
[Site "Reykjavik"]
[Date "2022.04.06"]
[Round "1.16"]
[White "Mai, Alexander Oliver"]
[Black "Mishra, Abhimanyu"]
[Result "1/2-1/2"]
[ECO "B99"]
[WhiteElo "2207"]
[BlackElo "2505"]
[Annotator "RC"]
[PlyCount "170"]
[EventDate "2022.04.06"]
[EventCountry "ISL"]
[SourceTitle "playchess.com"]
[Source "ChessBase"]
[SourceQuality "1"]
[TimeControl "40/5400+30:1800+30"]

1. e4 c5 2. Nf3 d6 3. d4 cxd4 4. Nxd4 Nf6 5. Nc3 a6 6. Bg5 e6 7. f4 Be7 8. Qf3 Qc7 9. O-O-O Nbd7 10. Bd3 b5 11. Rhe1 Bb7 12. Qg3 b4 13. Nd5 exd5 14. exd5 Kd8 15. Nc6+ Bxc6 16. dxc6 Qxc6 17. Bxf6 Nxf6 18. Qxg7 Re8 19. Qxf7 Ra7 20. Rxe7 Raxe7 21. Qxf6 Qc5 22. Bxa6 Kc7 23. Qd4 Re4 24. Qxc5+ dxc5 25. g3 c4 26. b3 c3 27. Bd3 Re1 28. Bxh7 Rxd1+ 29. Kxd1 Rh8 30. Bd3 Rxh2 31. g4 Rf2 32. g5 Rxf4 33. Ke2 Kd6 34. Ke3 Ke5 35. g6 Rh4 36. Bc4 Rh3+ 37. Ke2 Rg3 38. Bd3 Kf4 39. Kf2 Rf3+ 40. Ke2 Rg3 41. Kf2 Rh3 42. Bc4 Rf3+ 43. Ke2 Rg3 44. Bd3 Rg2+ 45. Kf1 Rg4 46. Ke2 Rh4 47. Bc4 Rg4 48. Bd3 Rg2+ 49. Kf1 Rg5 50. Kf2 Ra5 51. Ke2 Ra7 52. Bc4 Kg5 53. Bd3 Kf4 54. Bc4 Kf5 55. Bd3+ Ke5 56. Ke3 Rd7 57. Bc4 Kf5 58. Bd3+ Kf6 59. Be4 Rd8 60. Bd3 Rd6 61. Be4 Rd7 62. Bd3 Rd8 63. Be4 Ke5 64. Bd3 Rh8 65. Bc4 Rh3+ 66. Ke2 Kf6 67. Bd3 Rg3 68. Be4 Rg1 69. Bd3 Rg4 70. Ke3 Ke5 71. Kf3 Rg5 72. Kf2 Rg4 73. Kf3 Rg1 74. Kf2 Rg4 75. Kf3 Rg5 76. Kf2 Kf4 77. Ke2 Rg2+ 78. Kf1 Kg3 79. Be4 Rf2+ 80. Ke1 Rf4 81. Bd3 Rg4 82. Ke2 Kf4 83. Kf2 Rh4 84. Bc4 Rg4 85. Bd3 Rh4 1/2-1/2

[Event "Reykjavik Open 2022"]
[Site "Reykjavik"]
[Date "2022.04.06"]
[Round "1.17"]
[White "Peng, Li Min"]
[Black "Ingvason, Johann"]
[Result "1-0"]
[ECO "D34"]
[WhiteElo "2498"]
[BlackElo "2183"]
[Annotator "RC"]
[PlyCount "101"]
[EventDate "2022.04.06"]
[EventCountry "ISL"]
[SourceTitle "playchess.com"]
[Source "ChessBase"]
[SourceQuality "1"]
[TimeControl "40/5400+30:1800+30"]

1. Nf3 c5 2. c4 e6 3. g3 d5 4. cxd5 exd5 5. d4 Nf6 6. Bg2 Nc6 7. O-O Be7 8. Nc3 h6 9. dxc5 Bxc5 10. a3 a5 11. b3 O-O 12. Bb2 Bf5 13. Rc1 Be7 14. Nd4 Bg6 15. Nxd5 Nxd5 16. Rxc6 bxc6 17. Nxc6 Qb6 18. Bxd5 Rae8 19. Qa1 Bf6 20. Bxf6 gxf6 21. Qxf6 Kh7 22. e4 Qc5 23. Ne5 Qe7 24. Qxe7 Rxe7 25. Nc6 Rd7 26. Nxa5 f5 27. Nc4 fxe4 28. Ne3 Bf7 29. Bxe4+ Kh8 30. b4 Re7 31. Bc6 Ra7 32. Ra1 Bb3 33. b5 Rb8 34. Nf5 Kh7 35. Nd4 Ba4 36. Rb1 Rb6 37. f4 Kg6 38. Kf2 Kf6 39. g4 Re7 40. h4 Rc7 41. g5+ Kg6 42. Rb4 Ra7 43. f5+ Kh7 44. Be4 Bd1 45. f6+ Kh8 46. Rc4 Bg4 47. a4 hxg5 48. hxg5 Bd7 49. Ke3 Kg8 50. Kf4 Kf7 51. Ke5 1-0

[Event "Reykjavik Open 2022"]
[Site "Reykjavik"]
[Date "2022.04.06"]
[Round "1.18"]
[White "Domalchuk-Jonasson, Aleksandr"]
[Black "Libiszewski, Fabien"]
[Result "0-1"]
[ECO "E71"]
[WhiteElo "2162"]
[BlackElo "2505"]
[Annotator "RC"]
[PlyCount "50"]
[EventDate "2022.04.06"]
[EventCountry "ISL"]
[SourceTitle "playchess.com"]
[Source "ChessBase"]
[SourceQuality "1"]
[TimeControl "40/5400+30:1800+30"]

1. d4 Nf6 2. c4 g6 3. Nc3 Bg7 4. e4 d6 5. h3 O-O 6. Be3 e5 7. d5 Na6 8. Qd2 Nc5 9. f3 Nh5 10. Nge2 f5 11. b4 Nd7 12. g4 fxg4 13. hxg4 Nf4 14. a3 a5 15. Rc1 axb4 16. axb4 Bf6 17. Rh2 Bg5 18. Kf2 Nf6 19. Kg1 Bxg4 20. fxg4 Nxg4 21. Rh1 Nxe2+ 22. Qxe2 Bxe3+ 23. Kg2 Rf2+ 24. Kg3 Bf4+ 25. Kh3 Rxe2 0-1

[Event "Reykjavik Open 2022"]
[Site "Reykjavik"]
[Date "2022.04.06"]
[Round "1.19"]
[White "Stefansson, Vignir Vatnar"]
[Black "Karason, Askell O"]
[Result "1-0"]
[ECO "B51"]
[WhiteElo "2484"]
[BlackElo "2186"]
[Annotator "RC"]
[PlyCount "101"]
[EventDate "2022.04.06"]
[EventCountry "ISL"]
[SourceTitle "playchess.com"]
[Source "ChessBase"]
[SourceQuality "1"]
[TimeControl "40/5400+30:1800+30"]

1. e4 c5 2. Nf3 Nc6 3. Bb5 d6 4. O-O Bd7 5. Re1 Nf6 6. c3 a6 7. Bf1 Bg4 8. d4 cxd4 9. cxd4 Bxf3 10. gxf3 d5 11. Nc3 e6 12. Bg5 Be7 13. Bxf6 Bxf6 14. exd5 Nxd4 15. Re4 Nf5 16. dxe6 Qxd1 17. Rxd1 Rd8 18. Rxd8+ Bxd8 19. exf7+ Kxf7 20. Bc4+ Kf6 21. Bd5 b6 22. Bc4 b5 23. Re6+ Kg5 24. Bd5 Ba5 25. Ne4+ Kf4 26. Ng3 Rd8 27. Re4+ Kg5 28. Re5 g6 29. Nxf5 gxf5 30. Be4 Rd2 31. Rxf5+ Kh6 32. Rf6+ Kg5 33. Rxa6 Bc7 34. Rc6 Bd6 35. Bxh7 b4 36. Rc2 Rd4 37. Be4 Be5 38. Kg2 Rd7 39. Rc4 Rd2 40. Rxb4 Bd4 41. Kh3 Bxb2 42. Rb5+ Kf6 43. a4 Rxf2 44. Kg3 Rd2 45. a5 Bd4 46. a6 Ra2 47. Bb7 Bf2+ 48. Kg4 Be3 49. h4 Ra4+ 50. Kh3 Bf2 51. h5 1-0

[Event "Reykjavik Open 2022"]
[Site "Reykjavik"]
[Date "2022.04.06"]
[Round "1.20"]
[White "Wichtrup, Jan-Louis"]
[Black "Beerdsen, Thomas"]
[Result "0-1"]
[ECO "D32"]
[WhiteElo "2155"]
[BlackElo "2508"]
[Annotator "RC"]
[PlyCount "52"]
[EventDate "2022.04.06"]
[EventCountry "ISL"]
[SourceTitle "playchess.com"]
[Source "ChessBase"]
[SourceQuality "1"]
[TimeControl "40/5400+30:1800+30"]

1. Nf3 Nf6 2. c4 e6 3. b3 c5 4. Bb2 Nc6 5. e3 a6 6. Be2 d5 7. cxd5 exd5 8. d4 cxd4 9. Nxd4 Bd6 10. Nc3 O-O 11. O-O Re8 12. Bf3 Bc7 13. Nce2 Ne5 14. Ng3 Qd6 15. Rc1 Bd7 16. Qc2 Rac8 17. Rfd1 Bb8 18. Qe2 Nfg4 19. Rxc8 Bxc8 20. h3 Nf6 21. Ndf5 Qe6 22. Ba3 Bd7 23. Nd4 Qb6 24. Nf1 Ne4 25. Rc1 Qg6 26. Kh1 Nd3 0-1

[Event "Reykjavik Open 2022"]
[Site "Reykjavik"]
[Date "2022.04.06"]
[Round "1.21"]
[White "Laurent-Paoli, Pierre"]
[Black "Decosse, Jean-Fabien"]
[Result "1-0"]
[ECO "E14"]
[WhiteElo "2483"]
[BlackElo "2156"]
[Annotator "RC"]
[PlyCount "59"]
[EventDate "2022.04.06"]
[EventCountry "ISL"]
[SourceTitle "playchess.com"]
[Source "ChessBase"]
[SourceQuality "1"]
[TimeControl "40/5400+30:1800+30"]

1. d4 Nf6 2. c4 e6 3. Nf3 Bb4+ 4. Nbd2 O-O 5. a3 Bxd2+ 6. Qxd2 b6 7. e3 Bb7 8. Be2 d6 9. O-O Nbd7 10. b4 Ne4 11. Qc2 f5 12. d5 e5 13. Nd2 Nxd2 14. Bxd2 c5 15. dxc6 Bxc6 16. f3 Qe7 17. Rad1 a5 18. Qb2 axb4 19. axb4 Ba4 20. Ra1 Bc6 21. Rxa8 Rxa8 22. Rd1 Nf8 23. b5 Be8 24. Bb4 Rd8 25. Qa3 f4 26. Rxd6 Rxd6 27. Bxd6 Qh4 28. exf4 Qe1+ 29. Bf1 Bf7 30. Qa8 1-0